Map: Romanticide LE

Players

MissFanta (ThuocLao)

  • Race: Protoss Protoss
  • League: Grandmaster
  • Spawn Location: 11:00

TeebuL - Winner!

  • Race: Protoss Protoss
  • Spawn Location: 5:00

Event: DreamHack SC2 Masters 2020 Winter

VOD

Have the link to the VOD?

Description

Time

  • Played on: Oct. 18, 2020, 1:10 a.m.
  • Length: 28:38

All games in this series

Show
View Real Time Build Order
Export as new Build Order

MissFanta Protoss 

Build Orders:  

Get SALT Encoding   

  12  0:00  Probe  
  13  0:12  Probe  
  14  0:17  Pylon  
  14  0:24  Probe  
  15  0:35  Gateway  
  15  0:37  Probe (Chrono Boost)  
  16  0:47  Assimilator, Probe (Chrono Boost)  
  17  0:51  Probe (Chrono Boost)  
  17  0:55  Assimilator  
  18  1:03  Probe  
  19  1:15  Probe  
  19  1:16  Gateway  
  20  1:23  Cybernetics Core  
  20  1:27  Probe  
  20  1:31  Pylon  
  21  1:39  Probe  
  22  1:56  Probe  
  22  2:00  Stalker (Chrono Boost)  
  25  2:02  Stalker (Chrono Boost)  
  25  2:03  Warp Gate  
  25  2:08  Probe  
  28  2:12  Pylon  
  28  2:20  Probe  
  29  2:27  Stalker (Chrono Boost)  
  31  2:30  Stalker (Chrono Boost)  
  33  2:39  Shield Battery  
  33  2:41  Probe  
  33  2:51  Stalker  
  33  2:54  Probe  
  38  3:17  Pylon  
  38  3:25  Nexus  
  36  3:30  Twilight Council  
  34  3:56  Stalker x2  
  34  4:01  Blink (Chrono Boost)  
  38  4:17  Shield Battery  
  38  4:20  Pylon  
  38  4:21  Stalker x2  
  40  4:25  Probe  
  41  4:37  Probe  
  42  4:38  Pylon  
  42  4:45  Stalker x2  
  46  4:58  Probe  
  46  4:59  Probe  
  48  5:02  Robotics Facility  
  48  5:12  Stalker  
  48  5:13  Stalker  
  52  5:22  Probe  
  52  5:23  Probe  
  52  5:28  Forge  
  54  5:32  Gateway  
  54  5:34  Probe  
  54  5:35  Probe  
  56  5:46  Probe  
  53  5:52  Stalker  
  53  5:55  Protoss Ground Weapons Level 1 (Chrono Boost)  
  49  6:11  Observer  
  48  6:12  Probe x2  
  50  6:24  Probe x2  
  52  6:27  Nexus  
  52  6:29  Stalker x2  
  56  6:33  Pylon  
  56  6:35  Stalker  
  58  6:40  Charge (Chrono Boost)  
  58  6:42  Probe  
  58  6:45  Pylon  
  58  6:46  Assimilator  
  59  6:49  Probe  
  60  6:57  Probe  
  60  7:00  Observer  
  60  7:01  Probe  
  62  7:03  Pylon  
  62  7:11  Gateway  
  62  7:12  Gateway  
  62  7:16  Probe  
  62  7:18  Zealot x3  
  62  7:19  Warp Prism  
  69  7:26  Probe  
  69  7:28  Probe  
  72  7:44  Gateway x2  
  72  7:50  Probe  
  72  7:51  Zealot x3  
  77  7:52  Probe  
  77  7:57  Pylon  
  80  7:59  Protoss Ground Weapons Level 2 (Chrono Boost)  
  80  8:03  Probe  
  81  8:09  Zealot x2  
  85  8:16  Gateway  
  85  8:20  Templar Archives  
  85  8:28  Zealot x2  
  85  8:29  Zealot  
  85  8:32  Zealot x2  
  95  8:39  Probe x2  
  95  8:40  Probe  
  92  8:49  Observer (Chrono Boost)  
  92  8:51  Probe  
  92  8:54  Photon Cannon  
  84  8:56  Photon Cannon  
  84  9:02  Probe  
  77  9:07  Photon Cannon  
  77  9:08  Immortal (Chrono Boost)  
  77  9:09  Robotics Bay  
  76  9:11  Stalker  
  76  9:14  Stalker  
  79  9:22  Sentry x2  
  79  9:23  Sentry  
  85  9:31  Zealot x3  
  91  9:40  Probe  
  91  9:44  Assimilator  
  92  9:45  Stalker  
  92  9:46  Stalker x2  
  102  9:54  Disruptor (Chrono Boost)  
  102  9:59  Pylon  
  101  10:00  Pylon  
  101  10:02  Probe  
  101  10:03  Probe  
  101  10:04  Probe  
  101  10:06  Assimilator  
  104  10:12  Assimilator  
  104  10:16  Stalker, Robotics Facility  
  104  10:18  Probe  
  107  10:31  Disruptor (Chrono Boost)  
  107  10:32  Probe  
  107  10:33  Nexus  
  107  10:34  Pylon  
  111  10:44  Protoss Ground Weapons Level 3 (Chrono Boost)  
  111  10:45  Photon Cannon  
  111  10:46  Probe x2  
  111  10:47  Probe  
  114  10:56  Stalker x2  
  118  11:00  Probe x2  
  118  11:01  Probe  
  118  11:03  Shield Battery  
  121  11:09  Disruptor (Chrono Boost)  
  121  11:11  Disruptor (Chrono Boost)  
  121  11:14  Gravitic Boosters  
  121  11:17  Probe  
  128  11:30  Probe x3  
  128  11:31  Photon Cannon  
  131  11:36  Shield Battery  
  131  11:38  Stalker  
  133  11:45  Stalker x2  
  133  11:46  Stalker x2  
  141  11:53  Photon Cannon  
  136  11:57  Stalker  
  136  11:59  Photon Cannon  
  136  12:04  Probe x4  
  140  12:09  Observer  
  140  12:14  Photon Cannon  
  140  12:15  Observer  
  142  12:16  Probe  
  142  12:17  Probe  
  142  12:18  Shield Battery  
  144  12:23  Probe  
  144  12:24  Stalker  
  147  12:39  Pylon x2  
  147  12:41  Pylon  
  143  12:58  Stalker  
  143  12:59  Stalker x2  
  143  13:02  Stalker x5  
  159  13:10  Probe  
  160  13:15  Stargate x2  
  160  13:17  Photon Cannon  
  158  13:23  Photon Cannon  
  158  13:28  Stalker x7  
  158  13:29  Photon Cannon  
  164  13:49  Stalker  
  164  13:52  Protoss Ground Armor Level 1  
  164  13:53  Dark Shrine  
  166  14:03  Fleet Beacon  
  166  14:04  Disruptor (Chrono Boost)  
  172  14:14  Disruptor (Chrono Boost)  
  172  14:17  Protoss Air Weapons Level 1  
  172  14:25  Pylon  
  172  14:27  Assimilator, Pylon  
  172  14:28  Pylon  
  172  14:30  Pylon  
  172  14:31  Assimilator  
  172  14:32  Pylon  
  172  14:37  Probe  
  172  14:38  Gateway  
  169  14:39  Colossus  
  169  14:40  Gateway  
  172  14:47  Stalker x7  
  186  14:53  Photon Cannon  
  186  14:54  Photon Cannon  
  186  14:55  Photon Cannon  
  186  14:56  Shield Battery  
  186  14:58  Pylon  
  186  15:09  Carrier x2  
  198  15:19  Photon Cannon  
  198  15:24  Pylon  
  192  15:31  Stalker  
  173  15:49  Stalker x4  
  159  15:50  Stalker x3  
  141  16:12  Disruptor x2 (Chrono Boost)  
  141  16:13  Dark Templar x2, Carrier  
  149  16:26  Dark Templar x2  
  144  16:45  Disruptor (Chrono Boost)  
  144  16:52  Nexus  
  147  17:09  Nexus  
  147  17:16  Pylon, Carrier (Chrono Boost)  
  147  17:20  Pylon  
  153  17:22  Carrier (Chrono Boost)  
  153  17:29  Pylon  
  159  17:36  Observer  
  160  17:38  Photon Cannon  
  156  17:57  Photon Cannon  
  150  18:08  Stalker x4  
  142  18:21  Photon Cannon  
  142  18:41  Dark Templar x2  
  128  18:53  Dark Templar  
  128  19:13  Zealot x2  
  128  19:14  Zealot x2  
  130  19:47  Dark Templar x2, Zealot  
  112  20:04  Zealot x2  
  107  20:11  Observer (Chrono Boost)  
  107  20:13  Observer (Chrono Boost)  
  103  20:15  Zealot x2  
  103  20:16  Zealot  
  85  20:30  Observer (Chrono Boost)  
  79  20:43  Pylon, Zealot x3  
  79  20:47  Observer  
  76  20:50  Zealot  
  78  21:02  Zealot x2  
  82  21:12  Zealot  
  67  21:20  Zealot  
  67  21:23  Archon  
  69  21:27  Zealot  
  71  21:38  Gateway  
  71  21:48  Assimilator  
  69  22:29  Cybernetics Core  
  69  22:35  Forge  
  69  22:36  Assimilator  
  69  22:46  Gateway  
  69  22:48  Gateway  
  69  23:13  Photon Cannon  
  69  23:14  Photon Cannon  
  69  23:20  Pylon  
  69  23:32  Photon Cannon  
  67  23:42  Pylon  
  67  24:02  Photon Cannon  
  65  24:12  Shield Battery  
  65  24:23  Pylon  
  65  24:37  Photon Cannon  
  65  24:48  Pylon  
  65  24:53  Pylon  
  65  25:03  Pylon  
  65  25:11  Probe  
  66  25:16  Zealot x2  
  70  25:22  Pylon  
  70  25:23  Probe  
  71  25:35  Probe  
  72  25:36  Zealot  
  74  25:47  Probe  
  75  25:51  Zealot x2  
  79  25:59  Photon Cannon  
  79  26:03  Shield Battery  
  79  26:13  Zealot  
  81  26:23  Zealot x2  
  85  26:31  Shield Battery  
  79  26:49  Zealot x3  
  79  27:24  Photon Cannon  
  79  27:36  Zealot x2  
  83  27:43  Zealot  
  83  28:07  Zealot x2  
Show
View Real Time Build Order
Export as new Build Order

TeebuL Protoss - Winner!

Build Orders:  

Get SALT Encoding   

  12  0:00  Probe  
  13  0:12  Probe  
  14  0:17  Pylon  
  14  0:25  Probe  
  15  0:37  Gateway, Probe (Chrono Boost)  
  16  0:48  Assimilator, Probe (Chrono Boost)  
  17  0:53  Probe (Chrono Boost)  
  17  0:56  Assimilator  
  18  1:03  Probe (Chrono Boost)  
  19  1:08  Gateway  
  19  1:15  Probe (Chrono Boost)  
  20  1:22  Probe (Chrono Boost)  
  20  1:24  Cybernetics Core  
  21  1:29  Probe  
  22  1:34  Pylon  
  22  1:41  Probe  
  23  1:54  Probe  
  24  2:01  Warp Gate (Chrono Boost), Adept x2  
  28  2:06  Probe  
  29  2:13  Pylon  
  29  2:19  Probe  
  30  2:25  Pylon  
  30  2:31  Adept x2  
  33  2:53  Shield Battery  
  33  3:00  Adept  
  33  3:01  Adept  
  37  3:13  Nexus  
  37  3:15  Shield Battery  
  37  3:22  Probe  
  38  3:27  Pylon  
  38  3:35  Stargate  
  34  3:50  Adept x2  
  36  3:56  Probe (Chrono Boost)  
  36  3:58  Shield Battery  
  37  4:08  Probe (Chrono Boost)  
  39  4:17  Probe (Chrono Boost)  
  39  4:20  Oracle  
  39  4:22  Probe (Chrono Boost)  
  39  4:24  Sentry  
  44  4:26  Sentry  
  44  4:30  Probe (Chrono Boost)  
  48  4:31  Immortal  
  48  4:34  Probe (Chrono Boost)  
  49  4:40  Probe (Chrono Boost)  
  49  4:41  Probe (Chrono Boost)  
  49  4:45  Probe (Chrono Boost)  
  51  4:49  Probe  
  51  4:56  Probe  
  51  4:59  Robotics Facility  
  50  5:01  Probe  
  50  5:02  Stalker x2  
  55  5:08  Probe  
  55  5:13  Pylon  
  52  5:15  Probe  
  51  5:22  Probe  
  51  5:25  Stalker x2  
  51  5:27  Probe  
  57  5:30  Assimilator  
  57  5:32  Assimilator  
  57  5:34  Probe  
  58  5:39  Probe  
  58  5:41  Shield Battery  
  59  5:48  Immortal (Chrono Boost)  
  59  5:50  Stalker x2  
  59  6:06  Probe x2  
  59  6:14  Stalker x2  
  59  6:18  Probe x2  
  65  6:19  Twilight Council  
  65  6:23  Immortal (Chrono Boost)  
  69  6:27  Forge  
  69  6:29  Pylon  
  70  6:38  Pylon  
  69  6:42  Sentry  
  68  6:50  Blink (Chrono Boost)  
  68  6:54  Nexus  
  68  6:56  Pylon, Protoss Ground Weapons Level 1 (Chrono Boost)  
  68  7:01  Observer (Chrono Boost)  
  69  7:03  Gateway  
  69  7:05  Gateway  
  69  7:07  Stalker  
  71  7:09  Probe  
  71  7:10  Probe  
  73  7:18  Dark Shrine  
  73  7:20  Observer  
  73  7:21  Probe  
  76  7:22  Probe  
  76  7:33  Probe  
  76  7:34  Gateway  
  77  7:37  Gateway  
  77  7:41  Stalker  
  77  7:43  Shield Battery  
  79  7:46  Probe  
  79  7:48  Probe  
  81  7:57  Pylon  
  81  7:59  Probe  
  81  8:01  Probe  
  81  8:03  Photon Cannon  
  81  8:04  Pylon  
  83  8:11  Probe  
  85  8:15  Assimilator  
  85  8:18  Assimilator, Stalker x3  
  91  8:20  Sentry  
  92  8:27  Shield Battery  
  92  8:28  Shield Battery  
  92  8:32  Dark Templar  
  92  8:33  Dark Templar  
  96  8:42  Dark Templar x2  
  98  8:49  Dark Templar  
  98  8:50  Zealot  
  102  8:59  Protoss Ground Weapons Level 2 (Chrono Boost)  
  102  9:02  Photon Cannon  
  100  9:04  Pylon  
  100  9:09  Shadow Stride  
  100  9:13  Charge (Chrono Boost)  
  100  9:21  Nexus  
  100  9:22  Probe  
  99  9:26  Pylon  
  99  9:35  Probe  
  99  9:38  Robotics Bay  
  100  9:39  Robotics Facility  
  100  9:40  Photon Cannon  
  100  9:42  Stalker x3  
  106  9:51  Probe, Sentry  
  109  9:53  Probe  
  109  9:54  Probe  
  111  10:05  Photon Cannon  
  111  10:06  Stalker x5  
  121  10:11  Probe x3  
  124  10:23  Probe x2  
  124  10:26  Disruptor (Chrono Boost)  
  132  10:31  Disruptor (Chrono Boost), Probe  
  132  10:32  Stalker x2  
  132  10:34  Probe  
  132  10:35  Probe  
  139  10:42  Dark Templar x3  
  145  10:43  Probe  
  145  10:45  Probe  
  145  10:46  Probe  
  145  10:47  Probe  
  149  10:55  Probe  
  150  11:00  Disruptor  
  150  11:02  Disruptor  
  156  11:05  Observer  
  156  11:24  Probe  
  155  11:25  Pylon  
  155  11:29  Pylon  
  155  11:32  Pylon  
  155  11:35  Pylon  
  155  11:43  Disruptor  
  157  11:53  Stalker x6  
  163  11:55  Disruptor (Chrono Boost)  
  163  11:56  Protoss Ground Weapons Level 3 (Chrono Boost)  
  160  12:06  Photon Cannon  
  160  12:07  Assimilator x2, Shield Battery  
  160  12:15  Gateway  
  160  12:16  Gateway  
  160  12:17  Gateway  
  160  12:18  Disruptor (Chrono Boost)  
  160  12:20  Gateway  
  160  12:22  Photon Cannon  
  163  12:24  Photon Cannon  
  163  12:25  Dark Templar x3, Zealot x3  
  175  12:31  Observer (Chrono Boost)  
  176  12:45  Disruptor  
  176  12:48  Zealot x2  
  176  12:49  Zealot  
  183  13:05  Stalker x2  
  185  13:08  Pylon, Observer  
  185  13:09  Gravitic Boosters (Chrono Boost)  
  185  13:10  Pylon  
  188  13:20  Disruptor  
  188  13:23  Nexus  
  188  13:26  Disruptor  
  191  13:29  Gateway  
  191  13:31  Gateway  
  188  13:49  Dark Templar x3, Zealot x3  
  200  14:10  Photon Cannon  
  200  14:12  Photon Cannon  
  200  14:14  Photon Cannon  
  200  14:16  Photon Cannon  
  199  14:20  Pylon  
  199  14:22  Assimilator  
  196  14:25  Assimilator  
  196  14:26  Stalker x2  
  200  14:33  Pylon  
  200  14:37  Pylon  
  196  14:54  Photon Cannon  
  196  15:01  Stargate  
  196  15:06  Fleet Beacon  
  194  15:09  Dark Templar x4  
  194  15:14  Photon Cannon x3  
  200  15:23  Nexus  
  200  15:25  Pylon  
  170  15:54  Dark Templar x4  
  170  15:55  Dark Templar, Zealot x5  
  170  15:56  Zealot x2  
  151  16:20  Disruptor  
  151  16:21  Disruptor  
  151  16:38  Stalker x6  
  151  16:39  Stalker x6  
  171  16:43  Photon Cannon  
  171  16:44  Photon Cannon  
  171  16:46  Photon Cannon  
  171  16:49  Shield Battery  
  171  16:50  Shield Battery  
  171  16:53  Mothership  
  171  16:54  Shield Battery  
  179  17:00  Disruptor  
  179  17:01  Observer  
  181  17:05  Pylon  
  179  17:10  Dark Templar  
  179  17:11  Dark Templar x5  
  179  17:12  Zealot x5  
  199  17:32  Assimilator  
  199  17:34  Assimilator  
  171  17:59  Zealot x8  
  171  18:00  Dark Templar, Zealot x3  
  189  18:26  Stalker x5  
  199  18:39  Stalker x3  
  172  18:51  Stalker  
  172  18:52  Stalker x8  
  124  19:14  Dark Templar x2  
  124  19:15  Dark Templar x3, Zealot x6  
  124  19:16  Zealot  
  148  19:33  Observer  
  148  19:37  Dark Templar x5  
  137  19:47  Observer  
  135  19:58  Stalker x4  
  124  20:16  Stalker x2  
  124  20:20  Cybernetics Core  
  88  20:36  Observer  
  88  20:40  Observer  
  88  20:44  Gateway  
  86  21:13  Gateway  
  86  21:14  Gateway  
  86  21:23  Nexus  
  86  21:25  Pylon  
  86  21:44  Dark Templar  
  85  22:20  Observer  
  85  22:28  Stalker x3  
  88  22:33  Nexus  
  88  22:34  Pylon  
  88  22:36  Probe (Chrono Boost)  
  89  22:41  Observer  
  89  22:46  Probe (Chrono Boost)  
  89  22:50  Probe (Chrono Boost)  
  89  22:51  Probe x2 (Chrono Boost)  
  92  22:55  Observer  
  93  22:58  Probe (Chrono Boost)  
  93  23:08  Probe x2  
  95  23:20  Dark Templar x3  
  95  23:24  Probe x2 (Chrono Boost)  
  95  23:25  Probe (Chrono Boost)  
  107  23:34  Probe (Chrono Boost)  
  107  23:35  Pylon  
  107  23:36  Probe x2 (Chrono Boost)  
  107  23:39  Pylon  
  107  23:46  Probe  
  107  23:47  Probe x2  
  110  23:52  Probe  
  111  23:58  Probe  
  112  24:08  Probe x2  
  114  24:10  Assimilator  
  114  24:14  Assimilator  
  114  24:15  Dark Templar x2  
  118  24:31  Photon Cannon, Pylon  
  118  24:38  Pylon  
  118  24:47  Probe x2  
  118  24:48  Probe x2  
  122  24:53  Protoss Air Weapons Level 1 (Chrono Boost)  
  122  24:59  Probe  
  129  25:01  Carrier (Chrono Boost)  
  129  25:08  Observer  
  129  25:10  Carrier (Chrono Boost)  
  136  25:27  Nexus  
  136  25:29  Probe  
  136  25:30  Probe  
  136  25:32  Probe  
  136  25:34  Probe  
  140  25:43  Probe  
  140  25:46  Probe  
  140  25:47  Carrier (Chrono Boost)  
  142  25:54  Probe x2  
  142  25:55  Probe  
  151  25:58  Probe  
  152  26:06  Probe x2  
  152  26:08  Probe  
  152  26:10  Probe  
  156  26:23  Carrier (Chrono Boost)  
  128  26:58  Carrier (Chrono Boost)  
  131  27:12  Carrier (Chrono Boost)  
  137  27:21  Dark Templar x3  
  137  27:22  Nexus  
  141  27:23  Dark Templar  
  141  27:28  Archon x2  
  143  27:42  Stalker  
  145  27:45  Shield Battery  
  145  27:47  Pylon  
  151  27:54  Dark Templar  
  151  27:55  Dark Templar  
  153  28:07  Dark Templar  
  153  28:08  Zealot  
Tags
 
Add a new tag
Caveats
  • Supply blocks, unpowered buildings, or Contaminate may cause inaccurate times.
  • Supply counts are checked every 10 seconds.